 Dungeon Crawl Stone Soup version 0.26-a0-964-g69f9a3b9e2 (webtiles) character file.

Game seed: 8901777856842612838

21 siradein the Insei (level 2, -6/18 HPs)
             Began as a Merfolk Transmuter on Dec 2, 2020.
             Was a Follower of Hepliaklqana.
             Mangled by Terence
             ... wielding a +0 trident
              (8 damage)
             ... on level 2 of the Dungeon.
             The game lasted 00:08:00 (1168 turns).

siradein the Insei (Merfolk Transmuter)             Turns: 1168, Time: 00:08:01

Health: -6/18      AC:  3    Str: 10    XL:     2   Next: 87%
Magic:  4/5        EV: 13    Int: 12    God:    Hepliaklqana [*.....]
Gold:   52         SH:  0    Dex: 14    Spells: 2/5 levels left

rFire    . . .     SeeInvis .     - Unarmed
rCold    . . .     Faith    .   (no shield)
rNeg     . . .     Spirit   .   a - +0 robe
rPois    .         Reflect  .   (helmet currently unavailable)
rElec    .         Harm     .   e - +0 cloak (curse)
rCorr    .         Rampage  .   (no gloves)
MR       .....                  (boots currently unavailable)
Stlth    +.........             (no amulet)
HPRegen  0.06/turn              (no ring)
MPRegen  0.09/turn              (no ring)

@: appendages
A: change form in water, swift swim, stealthy swim, reduced essence, horns 2
a: End Transformation, Recall Ancestor, Ancestor Identity, Renounce Religion


You were on level 2 of the Dungeon.
You worshipped Hepliaklqana.
Hepliaklqana was aware of your devotion.
You had grown temporary horns.
You visited 1 branch of the dungeon, and saw 2 of its levels.

You collected 52 gold pieces.

Inventory:

Armour
 a - a +0 robe (worn)
 e - a cursed +0 cloak (worn)
Scrolls
 d - 2 scrolls of fear {unknown}
 f - a scroll of identify {unknown}
Potions
 b - a potion of mutation {unknown}
 c - a potion of curing {unknown}


   Skills:
 - Level 1.1 Fighting
 - Level 2.6 Dodging
 + Level 3.9 Unarmed Combat
 - Level 2.0 Spellcasting
 + Level 3.6 Transmutations


You had 2 spell levels left.
You knew the following spells:

 Your Spells              Type           Power        Failure   Level
a - Beastly Appendage     Tmut           #.....       6%          1
b - Wereblood             Tmut           #.......     10%         2

Your spell library contained the following spells:

 Spells                   Type           Power        Failure   Level
 Spider Form              Tmut/Pois      #.........   36%         3
 Ice Form                 Ice/Tmut       #.......     78%         4
 Blade Hands              Tmut           #.........   86%         5


Dungeon Overview and Level Annotations

Branches:
Dungeon (2/15)

Altars:
Hepliaklqana
Okawaru

Annotations:
D:2 Terence


Innate Abilities, Weirdness & Mutations

You revert to your normal form in water.
You are very nimble and swift while swimming.
You are very stealthy in the water. (Stealth+)
Your life essence is reduced to manifest your ancestor. (-10% HP)
You have a pair of horns on your head.


Message History

Confirm with . or Enter, or press ? or * to list all spells.
You extend your transformation's duration.
Terence barely misses you. Terence hits you with a +0 trident.
You hit Terence but do no damage. Your headbutt misses Terence.
Terence hits you with a +0 trident!
You hit Terence but do no damage. You closely miss Terence.
Terence barely misses you.
You hit Terence.
Terence is lightly wounded.
Terence hits you with a +0 trident.
You closely miss Terence.
Terence is lightly wounded.
Terence hits you with a +0 trident.
* * * LOW HITPOINT WARNING * * *
You swap places.
Big Pong hits Terence but does no damage.
Terence says, "You're history."
Terence hits you from afar with a +0 trident!
You die...

#.#.# ..#.#
####[#.# #
#....#.#####
#.#..#.#.#...#
#.#..#.#.#.#@#
....#.#.#.#R#
#..#.....#@#
######.#.#.###.#
#........#.# ...
#.####.###.# #[#
#.# #.# #.#
.#######.# #.#
#.# .......#.#
#.# #..


You could see the friendly Big Pong the ancestor and Terence.

Vanquished Creatures
  2 dart slugs
  2 bats (D:2)
  4 goblins
  A hobgoblin (D:1)
  4 kobolds
  2 frilled lizards
  2 rats (D:2)
17 creatures vanquished.

Vanquished Creatures (others)
  A plant (D:2)
1 creature vanquished.

Grand Total: 18 creatures vanquished

Notes
Turn   | Place    | Note
-------+----------+-------------------------------------------
     0 | D:1      | siradein the Merfolk Transmuter began the quest for the
                  | Orb.
     0 | D:1      | Reached XP level 1. HP: 15/15 MP: 3/3
   271 | D:1      | Reached XP level 2. HP: 21/21 MP: 3/5
   679 | D:1      | Found an iron altar of Okawaru.
   900 | D:2      | Learned a level 2 spell: Wereblood
   993 | D:2      | Found a faded altar of an unknown god.
  1093 | D:2      | Became a worshipper of Hepliaklqana the Forgotten
  1093 | D:2      | Reached * piety under Hepliaklqana
  1159 | D:2      | Noticed Terence
  1168 | D:2      | Mangled by Terence

Illustrated notes

Levels and vault maps discovered:
D:1:      matt_arrival_spirals, layout_basic, serial_glass, glass_columns_b,
          glass_columns_b, okawaru_ov_weapons_minmay
D:2:      cheibrodos_old_hovel, layout_basic, chequers_ecumenical_altar_island,
          uniq_terence

Skill      XL: |  1 |
---------------+----+-----
Transmutations | 3 |  3.6
Fighting       | |  1.1
Dodging        | |  2.6
Unarmed Combat | |  3.9
Spellcasting   | |  2.0

Action                   || total
-------------------------++-------
Melee: Unarmed           ||    49
       Headbutt          ||     8
       Punch             ||     1
 Cast: Beastly Appendage ||    17
Invok: Ancestor Identity ||     2
 Stab: Sleeping          ||     2
Armor: Robe              ||     8
Dodge: Dodged            ||    23

Table legend: (Time is in decaauts)
 A = Elapsed time spent in this place.
 B = Non-inter-level travel time spent in this place.
 C = Inter-level travel time spent in this place.
 D = Time resting spent in this place.
 E = Time spent auto-exploring this place.
 F = Levels seen in this place.
 G = Mean time per level.
                   A        B        C        D        E       F      G
               +--------+--------+--------+--------+--------+-----+--------+
         Total |   1160 |   1145 |     15 |      0 |    980 |   2 |  580.0 |
       Dungeon |   1160 |   1145 |     15 |      0 |    980 |   2 |  580.0 |
               +--------+--------+--------+--------+--------+-----+--------+

Top non-repeatable levels by time:
     D:1: 894 daAuts
     D:2: 265 daAuts
